Description

double robo with stalker&batteries-shield=>3:30

VOD

https://www.youtube.com/watch?v=f2n1kosOLUw

Replay - proxy double robot stalker batteries-shield 3 30

Build Order

Get SALT Encoding   

  6  0:00  Probe  
  13  0:12  Probe  
  14  0:16  Pylon  
  14  0:24  Probe  
  15  0:32  Probe  
  15  0:37  Gateway  
  15  0:40  Probe  
  16  0:46  Assimilator  
  17  0:51  Probe  
  17  0:55  Assimilator  
  18  1:03  Probe  
  19  1:15  Probe  
  20  1:24  Cybernetics Core  
  20  1:27  Probe  
  20  1:29  Pylon  
  21  1:50  Stalker  
  23  2:02  Robotics Facility x2  
  23  2:10  Shield Battery  
  23  2:20  Stalker  
  25  2:39  Immortal  
  25  2:46  Warp Prism  
  29  2:55  Pylon  
  31  3:18  Immortal  
  35  3:37  Immortal  
  39  3:53  Pylon  
  39  4:11  Immortal x2  
Spawning Tool Build Advisor. Get it on Overwolf

Analysis

double robo with stalker&batteries-shield=>3:30

Go to:

Details

  • Created by: defer
  • Published on: May 28, 2018
  • Modified on: May 28, 2018
  • Patch: 4.0.0
Show
View Real Time Build Order
Export as new Build Order

Comments (0)

There are no comments. Be the first!

Create an account to comment!